 Dungeon Crawl Stone Soup version 0.30.0-5-g1a98f26d00 (webtiles) character file.

Game seed: 6635320071597193277

87738 Huckebein the Cleaver (level 15, -10/85 HPs)
             Began as a Gargoyle Monk on May 12, 2023.
             Was a High Priest of Hepliaklqana.
             Killed from afar by a deep elf knight (22 damage)
             ... with a shard of ice
             ... on level 2 of the Swamp on May 13, 2023.
             The game lasted 01:17:05 (23826 turns).

Huckebein the Cleaver (Gargoyle Monk)              Turns: 23826, Time: 01:17:06

Health: -10/85     AC: 33    Str: 14    XL:     15   Next: 91%
Magic:  0/22       EV:  9    Int: 12    God:    Hepliaklqana [*****.]
Gold:   1293       SH: 13    Dex: 17    Spells: 14/14 levels left

rFire   . . .        u - +2 demon whip (venom)
rCold   + . .        n - +1 kite shield
rNeg    + + .        M - +5 chain mail of Iggipt {Dex+3}
rPois   ∞            L - +0 helmet "Pyerek" {+Blink rN+ Will+ Str-5}
rElec   +            o - +0 cloak
rCorr   .            v - +0 pair of gloves
SInv    .            p - +0 pair of boots
Will    ++...        N - amulet of guardian spirit
Stlth   ++           H - ring of protection from cold
HPRegen 0.34/turn    s - +4 ring of slaying
MPRegen 0.18/turn

%: guardian spirit
@: mighty, flying, hasted, studying Armour, very quick
A: reduced essence, sickness immunity, AC +11, big wings, negative energy
resistance 1, electricity resistance, torment resistance 1, petrification
resistance
a: Renounce Religion, Evoke Blink, Recall Ancestor, Ancestor Identity,
Transference, Idealise


You were on level 2 of the Swamp.
You worshipped Hepliaklqana.
Hepliaklqana was extremely pleased with you.
You visited 4 branches of the dungeon, and saw 23 of its levels.

You collected 1293 gold pieces.

Inventory:

Hand Weapons
 f - a +1 scimitar of flaming
 u - a +2 demon whip of venom (weapon)
 B - the +5 battleaxe "Juapnabb" {elec, rF+}
   (You found it on level 4 of the Lair of Beasts)

   rF:        It protects you from fire.
 O - a +1 broad axe of draining
 Y - a +2 dagger of holy wrath
Missiles
 h - 8 curare-tipped darts (quivered)
Armour
 n - a +1 kite shield (worn)
 o - a +0 cloak (worn)
 p - a +0 pair of boots (worn)
 v - a +0 pair of gloves (worn)
 E - the +0 pair of boots of Ytua {*Slow Will+++}
   (You found it on level 1 of the Swamp)

   *Slow:     It may slow you when you take damage.
   Will:      It greatly increases your willpower.
 L - the +0 helmet "Pyerek" (worn) {+Blink rN+ Will+ Str-5}
   (You acquired it on level 11 of the Dungeon)

   Str:       It affects your strength (-5).
   rN:        It protects you from negative energy.
   +Blink:    It lets you blink.
   Will:      It increases your willpower.
 M - the +5 chain mail of Iggipt (worn) {Dex+3}
   (You found it on level 11 of the Dungeon)

   Dex:       It affects your dexterity (+3).
 W - a +0 tower shield
 X - a +3 leather armour of fire resistance
Jewellery
 g - a ring of protection from fire
 q - the ring "Tommyakit" {Fly rCorr Dex-4 SInv}
   (You found it on level 1 of the Swamp)

   [ring of see invisible]

   Dex:       It affects your dexterity (-4).
   SInv:      It lets you see invisible.
   Fly:       It grants you flight.
   rCorr:     It protects you from acid and corrosion.
 s - a +4 ring of slaying (right hand)
 y - a ring of resist corrosion
 G - a ring of willpower
 H - a ring of protection from cold (left hand)
 N - an amulet of guardian spirit (around neck)
Wands
 a - a wand of roots (15)
 x - a wand of flame (38)
 D - a wand of paralysis (32)
 J - a wand of quicksilver (6)
 P - a wand of digging (14)
 R - a wand of mindburst (16)
 V - a wand of polymorph (14)
Scrolls
 e - 2 scrolls of amnesia {unknown}
 i - 2 scrolls of identify
 j - 4 scrolls of magic mapping
 k - 4 scrolls of enchant armour
 l - a scroll of torment {unknown}
 m - 2 scrolls of fog
 t - 5 scrolls of teleportation
 K - a scroll of acquirement
 Q - a scroll of blinking
 S - 3 scrolls of enchant weapon
 T - a scroll of poison
 U - a scroll of brand weapon
Potions
 b - 3 potions of magic
 c - 2 potions of ambrosia
 r - a potion of heal wounds
 w - 2 potions of brilliance
 z - 2 potions of invisibility
 A - 3 potions of haste
 C - 5 potions of might
 F - 3 potions of cancellation
 I - 9 potions of curing
Miscellaneous
 d - a phial of floods


   Skills:
 + Level 11.4 Fighting
 + Level 7.0(7.2) Short Blades
 + Level 2.2(5.0) Long Blades
 + Level 13.0(13.7) Axes
 + Level 7.6(11.8) Maces & Flails
 + Level 10.6 Armour
 + Level 6.6 Dodging
 + Level 10.4 Stealth
 + Level 11.2 Shields
 - Level 10.0 Invocations


You had 14 spell levels left.
You didn't know any spells.
Your spell library contained the following spells:

 Spells                   Type           Power      Damage    Failure   Level
 Beastly Appendage        Tmut           0%         N/A       100%        1
 Freeze                   Ice            0%         1d3       100%        1
 Slow                     Hex            0%         N/A       100%        1
 Ensorcelled Hibernation  Hex/Ice        0%         N/A       100%        2
 Lesser Beckoning         Tloc           0%         N/A       100%        2
 Passwall                 Tmut/Erth      0%         N/A       100%        2
 Static Discharge         Conj/Air       0%         2-2/arc   100%        2
 Wereblood                Tmut           0%         N/A       100%        2
 Confusing Touch          Hex            0%         N/A       100%        3
 Dazzling Flash           Conj/Hex       0%         N/A       100%        3
 Frozen Ramparts          Ice            0%         1d1       100%        3
 Gell's Gravitas          Tloc           0%         N/A       100%        3
 Hailstorm                Conj/Ice       0%         3d3       100%        3
 Spider Form              Tmut/Pois      0%         N/A       100%        3
 Swiftness                Air            0%         N/A       100%        3
 Teleport Other           Tloc           0%         N/A       100%        3
 Vampiric Draining        Necr           0%         2d6       100%        3
 Volatile Blastmotes      Fire/Tloc      0%         2d10      100%        3
 Airstrike                Air            0%         2d(0-16)  100%        4
 Anguish                  Hex/Necr       0%         N/A       100%        4
 Cause Fear               Hex            0%         N/A       100%        4
 Iskenderun's Mystic Bla  Conj/Tloc      0%         2d3       100%        4
 Olgreb's Toxic Radiance  Pois           0%         N/A       100%        4
 Summon Lightning Spire   Summ/Air       0%         N/A       100%        4
 Agony                    Necr           0%         N/A       100%        5
 Silence                  Hex/Air        0%         N/A       100%        5
 Summon Forest            Summ/Tloc      0%         N/A       100%        5
 Eringya's Noxious Bog    Tmut/Pois      0%         N/A       100%        6
 Starburst                Conj/Fire      0%         6d3       100%        6
 Dragon Form              Tmut           0%         N/A       100%        7
 Enfeeble                 Hex            0%         N/A       100%        7
 Summon Hydra             Summ           0%         N/A       100%        7
 Dragon's Call            Summ           0%         N/A       100%        9
 Polar Vortex             Ice            0%         N/A       100%        9


Dungeon Overview and Level Annotations

Branches:
Dungeon (15/15)            Temple (1/1) D:5            Lair (5/5) D:11
  Swamp (2/4) Lair:3       Spider (0/4) Lair:3        Slime (0/5) Lair:4
    Orc (0/2) D:12         Depths (0/4) D:15
 Vaults: D:13-14

Altars:
Ashenzari
Cheibriados
Dithmenos
Elyvilon
Fedhas
Gozag
Hepliaklqana
Kikubaaqudgha
Makhleb
Nemelex Xobeh
Okawaru
Qazlal
Ru
Sif Muna
Trog
Uskayaw
Vehumet
Wu Jian
Xom
Yredelemnul
Zin
The Shining One
Jiyva

Shops:
D:10 [

Annotations:
D:8 3 runed translucent doors, retardedninja's ghost, novice HOFi
D:13 3 runed translucent doors, HilariousDeathArtist's ghost, journeyman VSBe
D:14 exclusion: 4 ice statues


Innate Abilities, Weirdness & Mutations

Your life essence is reduced to manifest your ancestor. (-10% HP)
You are immune to sickness and miasma.
Your stone body is resilient. (AC +11)
You are immune to poison.
Your large and strong wings let you fly.
You resist negative energy. (rN+)
You are resistant to electric shocks. (rElec)
You are resistant to unholy torment.
You are immune to petrification.


Message History

The eleionoma hurls a spray of splinters at you.
The spray of wooden splinters hits you but does no damage.
You whack the eleionoma!
The eleionoma is moderately wounded.
You thrash the eleionoma!!
The eleionoma looks as sick as possible!
The eleionoma is severely wounded.
You block something's attack.
You thrash the eleionoma!!
The eleionoma is almost dead.
The eleionoma splashes around in the water.
You whack the eleionoma!
You kill the eleionoma!
Something hits you but does no damage.
You miss something.
You hear some strange, mumbled words.
A shard of ice appears from out of thin air!
The shard of ice hits you but does no damage.
You closely miss something. You closely miss the raiju.
Something hits you but does no damage.
You thrash the raiju!!
The raiju is poisoned.
The raiju is severely wounded.
Something hits you but does no damage.
You whack the raiju!
The raiju is almost dead.
The raiju bites you but does no damage.
You whack the raiju!
You kill the raiju!
You block something's attack.
You miss something. Something hits you but does no damage.
You miss something. You hit something. You block something's attack.
You miss something. You miss something. Something hits you!!
* * * LOW HITPOINT WARNING * * *
You whack something!
You hear some strange, mumbled words.
A shard of ice appears from out of thin air!
The shard of ice hits you!! You partially resist.
You die...

♣.~.~~~~.♣♣....~~~~~~~~~Y
~.~~~♣♣......♣♣.~...~.~~~~
♣~~~....~~.♣♣♣♣~~>♣.~.~..~
~♣~~~.~~~~~♣♣ ♣~..~.~♣~~~~
....~~~~~~.>.♣
♣♣♣~~.♣♣♣..§
♣>..~.~.~~~~♣♣♣♣♣~~♣♣ ♣♣..
♣♣♣~<.~.(...~.♣).♣♣ ♣♣.
♣♣♣~~~~~~.~..~♣♣ ♣♣
♣♣..@{~.~~)♣♣ ♣♣♣♣♣..<.♣♣
♣♣...♣ ♣♣.♣♣ ♣~~~♣ ♣♣.♣♣
♣♣♣


There were no monsters in sight!

Vanquished Creatures
  Frances (Swamp:2)
  The ghost of freelancePsychic the Warrior, a journeyman MiMo of Nemelex Xobeh (Lair:5)
  2 eleionomae
  3 dire elephants
  A vault guard (D:13)
  5 hydras
  An ogre mage (D:15)
  A centaur warrior (D:14)
  2 boulder beetles
  2 catoblepae
  2 death yaks (Lair:5)
  4 two-headed ogres
  A tengu warrior (D:14)
  An alligator (Swamp:1)
  A deep elf knight (D:13)
  2 goliath frogs (Swamp:2)
  A skeletal warrior (D:14)
  A flayed ghost (D:15)
  2 spriggan druids (Swamp:1)
  A lindwurm (Lair:5)
  2 wizards
  2 swamp dragons
  3 ugly things (D:14)
  2 deep elf pyromancers
  A fire giant zombie (D:15)
  A harpy (shapeshifter) (D:15)
  A stone giant zombie (D:15)
  5 manticores
  A will-o-the-wisp (Lair:3)
  11 elephants
  2 cyclopes
  3 cane toads
  3 black mambas
  2 gargoyles
  An orange demon (Lair:3)
  A yaktaur (D:13)
  4 komodo dragons
  2 rime drakes (Lair:5)
  A guardian mummy (D:15)
  An efreet (D:13)
  A tengu conjurer (D:14)
  Grinder (D:5)
  3 tyrant leeches
  2 trolls
  A hornet (D:11)
  A raiju (Swamp:2)
  7 blink frogs
  An ettin zombie (D:15)
  2 dream sheep (Lair:5)
  A jumping spider (Lair:3)
  10 slime creatures
  A water elemental (D:15)
  2 shadows
  A spriggan (Swamp:2)
  7 wraiths
  2 vampires
  A wyvern (Lair:1)
  2 basilisks (Lair:5)
  41 yaks
  2 redbacks (Lair:3)
  3 vampire mosquitoes (Swamp:1)
  13 swamp worms
  2 acid dragons
  16 water moccasins
  8 ice beasts
  A sky beast (D:6)
  3 wolves
  4 ogres
  10 centaurs
  13 bullfrogs
  2 kobold brigands
  2 necrophages (Lair:2)
  3 hexers
  2 killer bees (D:10)
  An electric eel (D:10)
  2 howler monkeys
  2 hounds
  2 orc priests (D:8)
  Crazy Yiuf (D:6)
  2 jellies (D:4)
  2 iguanas
  A hell rat (Lair:5)
  3 orc wizards
  10 adders
  A white imp (D:6)
  4 ufetubi
  2 worms
  3 dart slugs
  12 orcs
  3 endoplasms
  2 giant cockroaches (D:2)
  7 hobgoblins
  4 jackals (D:2)
  11 ball pythons
  6 bats
  6 frilled lizards
  8 goblins
  26 kobolds
  2 rats (D:3)
378 creatures vanquished.

Vanquished Creatures (collateral kills)
  2 bunyips (Swamp:1)
  12 slime creatures
  Josephine (Lair:3)
  A vault guard (D:13)
  2 hydras
  A catoblepas (Lair:5)
  A centaur warrior (D:10)
  A boulder beetle (D:14)
  A death yak (Lair:5)
  Nergalle (Lair:2)
  A skyshark (Lair:4)
  Amaemon (Lair:3)
  A wizard (D:13)
  2 bog bodies (Swamp:1)
  A necromancer (D:15)
  2 oklob plants (D:11)
  A manticore (D:15)
  2 ugly things (D:14)
  4 cyclopes
  Joseph (D:9)
  A cane toad (shapeshifter) (D:13)
  2 cane toads
  A gargoyle (D:13)
  An unseen horror (D:12)
  A rime drake (Lair:5)
  2 komodo dragons
  4 trolls
  A polar bear (shapeshifter) (D:14)
  A blink frog (Lair:5)
  3 hornets
  A culicivora (Lair:3)
  3 wyverns
  4 wraiths
  A shadow (D:11)
  4 spriggans
  16 yaks
  3 basilisks (Lair:1)
  A redback (Lair:3)
  2 vampire mosquitoes (Swamp:1)
  3 swamp worms (Swamp:1)
  A water moccasin (Lair:1)
  A swamp drake (Swamp:2)
  An orc warrior (D:6)
  2 ogres (D:7)
  6 ice beasts
  2 centaurs
  5 wolves
  3 kobold brigands
  A phantom (D:5)
  3 bullfrogs
  3 necrophages (Lair:2)
  3 killer bees (D:10)
  3 howler monkeys
  An electric eel (D:10)
  A jelly (D:6)
  An iguana (D:6)
  An orc wizard (D:10)
  An adder (D:5)
  2 shadow imps
  An ufetubus (D:5)
  9 orcs
  3 kobolds
  A butterfly (Lair:1)
149 creatures vanquished.

Vanquished Creatures (others)
  A will-o-the-wisp (Swamp:1)
  A bloated husk (Swamp:1)
  A wyvern (D:10)
  27 hexers
  12 foxfires
42 creatures vanquished.

Grand Total: 569 creatures vanquished

Notes
Turn   | Place    | Note
-------+----------+-------------------------------------------
     0 | D:1      | Huckebein the Gargoyle Monk began the quest for the Orb.
     0 | D:1      | Reached XP level 1. HP: 14/14 MP: 1/1
   263 | D:1      | Reached skill level 3 in Axes
   263 | D:1      | Reached XP level 2. HP: 19/19 MP: 2/2
  1078 | D:2      | Reached XP level 3. HP: 24/24 MP: 3/3
  1117 | D:2      | Found a faded altar of an unknown god.
  1310 | D:2      | Reached XP level 4. HP: 29/29 MP: 4/4
  1856 | D:3      | Reached skill level 1 in Short Blades
  1856 | D:3      | Reached skill level 1 in Armour
  2370 | D:4      | Reached XP level 5. HP: 29/33 MP: 5/5
  2492 | D:4      | Reached skill level 1 in Shields
  2662 | D:5      | Entered Level 5 of the Dungeon
  2671 | D:5      | Reached skill level 1 in Stealth
  2691 | D:5      | Found a staircase to the Ecumenical Temple.
  2697 | Temple   | Entered the Ecumenical Temple
  2882 | Temple   | Became a worshipper of Hepliaklqana the Forgotten
  2882 | Temple   | Reached * piety under Hepliaklqana
  2882 | Temple   | Reached ** piety under Hepliaklqana
  2883 | Temple   | Remembered your ancestor Khabaw as a hexer
  2905 | D:5      | Noticed an ice beast
  2915 | D:5      | Killed an ice beast
  2916 | D:5      | Reached XP level 6. HP: 35/35 MP: 6/6
  2998 | D:5      | Noticed Grinder
  3016 | D:5      | Killed Grinder
  3017 | D:5      | Reached XP level 7. HP: 35/39 MP: 7/7
  3532 | D:5      | Reached XP level 8. HP: 43/43 MP: 8/8
  3952 | D:6      | Reached skill level 5 in Fighting
  4081 | D:6      | Reached skill level 5 in Short Blades
  4145 | D:6      | Reached *** piety under Hepliaklqana
  4438 | D:6      | Found a runed translucent door.
  4439 | D:6      | Noticed Crazy Yiuf
  4858 | D:6      | Killed Crazy Yiuf
  4944 | D:7      | Reached XP level 9. HP: 21/48 MP: 9/9
  5543 | D:7      | Reached **** piety under Hepliaklqana
  6256 | D:8      | Found a runed translucent gate.
  6256 | D:8      | Found a runed translucent gate.
  6256 | D:8      | Found a runed translucent gate.
  6258 | D:8      | Noticed a centaur warrior
  6260 | D:8      | Noticed retardedninja's ghost (novice HOFi)
  6695 | D:8      | Reached skill level 4 in Axes
  6970 | D:9      | Noticed Joseph
  6982 | D:9      | Killed Joseph
  6983 | D:9      | Reached skill level 5 in Armour
  7073 | D:9      | Found a glowing golden altar of the Shining One.
  7073 | D:9      | Found a bloodstained altar of Trog.
  7198 | D:9      | Reached skill level 5 in Shields
  7200 | D:9      | Reached skill level 5 in Axes
  7409 | D:9      | Reached XP level 10. HP: 54/54 MP: 10/10
  7421 | D:9      | Reached skill level 5 in Stealth
  7431 | D:9      | Reached skill level 6 in Axes
  7678 | D:9      | Reached skill level 7 in Axes
  8161 | D:10     | Entered Level 10 of the Dungeon
  8532 | D:10     | Found Piaheol's Armour Emporium.
  8713 | D:10     | Noticed a centaur warrior
  8778 | D:10     | Reached skill level 5 in Dodging
  9029 | D:10     | Killed a centaur warrior
  9030 | D:10     | Reached XP level 11. HP: 60/60 MP: 11/11
  9275 | D:11     | Noticed a cyclops
  9285 | D:11     | Killed a cyclops
  9286 | D:11     | Reached skill level 8 in Axes
  9353 | D:11     | Noticed a cyclops
  9363 | D:11     | Killed a cyclops
  9589 | D:11     | Identified 2 scrolls of acquirement
  9589 | D:11     | Acquired the +0 helmet "Pyerek" {+Blink rN+ Will+ Str-5}
  9822 | D:11     | Reached ***** piety under Hepliaklqana
  9851 | D:11     | Noticed an oklob plant
  9852 | D:11     | Noticed an oklob plant
 10038 | D:11     | Identified the +5 chain mail of Iggipt {Dex+3}
 10364 | D:11     | Noticed a cyclops
 10372 | D:11     | Killed a cyclops
 10431 | D:11     | Reached skill level 9 in Axes
 10597 | D:11     | Found a staircase to the Lair.
 10691 | D:12     | Reached skill level 1 in Invocations
 10778 | D:12     | Found a staircase to the Orcish Mines.
 10803 | D:12     | Noticed a boulder beetle
 10822 | D:12     | Killed a boulder beetle
 11341 | D:12     | Reached XP level 12. HP: 44/65 MP: 9/13
 11590 | D:12     | Found a shadowy altar of Dithmenos.
 11627 | D:12     | Noticed a two-headed ogre
 11637 | D:12     | Killed a two-headed ogre
 11650 | D:12     | Noticed a two-headed ogre
 11703 | D:12     | Killed a two-headed ogre
 11704 | D:12     | Reached skill level 10 in Axes
 12214 | D:13     | Noticed a vault guard
 12219 | D:13     | Noticed a vault guard
 12241 | D:13     | Killed a vault guard
 12250 | D:13     | Noticed a deep elf knight
 12418 | D:13     | Noticed a vault guard
 12418 | D:13     | Noticed a deep elf knight
 12533 | D:13     | Killed a vault guard
 12534 | D:13     | Reached skill level 5 in Invocations
 12576 | D:13     | Noticed a boulder beetle
 12594 | D:13     | Killed a boulder beetle
 12669 | D:13     | Reached XP level 13. HP: 64/72 MP: 14/17
 12670 | D:13     | Reached skill level 11 in Axes
 12758 | D:13     | Found a runed translucent gate.
 12758 | D:13     | Found a runed translucent gate.
 12770 | D:13     | Found a runed translucent gate.
 12770 | D:13     | Noticed a merfolk javelineer
 12771 | D:13     | Noticed HilariousDeathArtist's ghost (journeyman VSBe)
 12773 | D:13     | Noticed a merfolk impaler
 14337 | D:14     | Reached skill level 1 in Long Blades
 14728 | D:15     | Entered Level 15 of the Dungeon
 14808 | D:15     | Reached ****** piety under Hepliaklqana
 14873 | D:15     | Reached skill level 12 in Axes
 14981 | D:15     | Reached skill level 10 in Fighting
 15094 | D:15     | Found a staircase to the Depths.
 15216 | D:15     | Gained mutation: Your large and strong wings let you fly.
                  | [Gargoyle growth]
 15216 | D:15     | Reached XP level 14. HP: 73/79 MP: 19/19
 15744 | Lair:1   | Entered Level 1 of the Lair of Beasts
 15967 | Lair:1   | Got Sif Muna's Writings on Frozen Envenoming
 17287 | Lair:2   | Noticed Nergalle
 17296 | Lair:2   | Killed Nergalle
 17644 | Lair:3   | Noticed Amaemon
 17656 | Lair:3   | Killed Amaemon
 17928 | Lair:3   | Reached skill level 1 in Maces & Flails
 17943 | Lair:3   | Noticed Josephine
 17968 | Lair:3   | Killed Josephine
 17978 | Lair:3   | Reached skill level 10 in Shields
 18040 | Lair:3   | Found a staircase to the Swamp.
 18238 | Lair:3   | Found a hole to the Spider Nest.
 18808 | Lair:4   | Identified the +5 battleaxe "Juapnabb" {elec, rF+}
 18908 | Lair:4   | Found a viscous altar of Jiyva.
 18908 | Lair:4   | Found a staircase to the Slime Pits.
 19472 | Lair:5   | Entered Level 5 of the Lair of Beasts
 19562 | Lair:5   | Found a runed translucent door.
 19563 | Lair:5   | Noticed freelancePsychic's ghost (journeyman MiMo)
 19725 | Lair:5   | Reached XP level 15. HP: 78/83 MP: 22/22
 20071 | Lair:5   | Reached skill level 5 in Maces & Flails
 20123 | Lair:5   | Reached skill level 10 in Invocations
 20893 | Lair:5   | Killed freelancePsychic's ghost
 20894 | Lair:5   | Reached skill level 10 in Stealth
 20995 | Swamp:1  | Entered Level 1 of the Swamp
 21056 | Swamp:1  | Found a transporter.
 21341 | Swamp:1  | Found a transporter.
 21543 | Swamp:1  | Identified the ring "Tommyakit" {Fly rCorr Dex-4 SInv}
 21546 | Swamp:1  | Identified the +0 pair of boots of Ytua {*Slow Will+++}
 22345 | Swamp:1  | Reached skill level 10 in Armour
 22615 | Swamp:2  | Reached skill level 13 in Axes
 22751 | Swamp:2  | Found a broken altar of Ashenzari.
 22753 | Swamp:2  | Noticed Frances
 23363 | Swamp:2  | Killed Frances
 23826 | Swamp:2  | Killed from afar by a deep elf knight

Illustrated notes

Levels and vault maps discovered:
D:1:      amcnicky_arrival_flooded_fountain, layout_loops_cross, minmay_3d_cube
D:2:      layout_loops_ring, dilly_ecumenical_altar_fadedgnrine
D:3:      layout_loops_ring, dk_vineyard_3
D:4:      layout_rooms
D:5:      layout_gridville, minmay_temple_entry_ruins, uniq_grinder
D:6:      layout_loops_ring, uniq_crazy_yiuf_cottage
D:7:      layout_layer_cave
D:8:      layout_gridville, gammafunk_ghost_split
D:9:      layout_loops_ring, amethyst_overflow_temple_binary, uniq_joseph
D:10:     layout_basic, serial_shops, nicolae_shop_tiny_real_fake_doors,
          kennysheep_island_fort
D:11:     layout_irregular_city, dpeg_oklobed_lair
D:12:     layout_loops_cross, orc_0_dummy, grunt_dithmenos_smoke
D:13:     layout_stronghold, grunt_vaults_entry_fortified,
          gammafunk_ghost_fury_of_okawaru
D:14:     minmay_ice_pillars, layout_loops_corners, serial_park_tiny_1,
          hangedman_decor_clover_reticule, hangedman_decor_diamond_cutter
D:15:     gammafunk_depths_entry_grave, layout_rooms, minivault_4,
          nicolae_shop_firing_range
Temple:   nicolae_temple_bog_church
Lair:1:   layout_misc_corridors, eino_small_chamber_without_monster,
          beast_lair_carwin_8, lemuel_fruit_fields, infiniplex_staircase_pool_2
Lair:2:   layout_layer_cave, roderic_carrion_pond, grunt_megastairs_5,
          uniq_nergalle
Lair:3:   layout_gridlike, minmay_swamp_entry_wisps,
          spider_nest_entry_funnel_web, uniq_josephine, uniq_amaemon
Lair:4:   layout_roguey, slime_entry_1, grunt_megastairs_3
Lair:5:   hangedman_lair_in_review, layout_cave_pods,
          hellmonk_ghost_happy_afterlife
Swamp:1:  gammafunk_worm_tunnel, layout_basic_swamp, hangedman_swamp_diagram
Swamp:2:  layout_falls_marsh, basic_altar, beargit_elvish_explorers,
          uniq_frances

Skill      XL: |  1  2  3  4  5  6  7  8  9 10 11 12 13 14 15 |
---------------+----------------------------------------------+-----
Axes           | 3 5 7 9 10 12 13 | 13.0
Dodging        | 3 4 5 6 |  6.6
Fighting       | 4 5 6 7 8 9 10 11 | 11.4
Short Blades   | 1 2 3 4 5 6 7 |  7.0
Armour         | 1 2 3 4 5 6 7 8 10 | 10.6
Shields        | 1 2 3 4 5 6 7 8 9 10 11 | 11.2
Stealth        | 1 2 3 4 6 7 8 9 10 | 10.4
Invocations    | 2 5 7 9 10 | 10.0
Long Blades    | 2 |  2.2
Maces & Flails | 3 7 |  7.6

Action                     |  1- 3 |  4- 6 |  7- 9 | 10-12 | 13-15 || total
---------------------------+-------+-------+-------+-------+-------++-------
  Melee: Dagger            |    93 |   116 |   198 |    74 |   144 ||   625
         Hand axe          |     4 |       |       |       |       ||     4
         Broad axe         |       |       |    66 |   311 |   420 ||   797
         Scimitar          |       |       |       |     3 |    28 ||    31
         Demon whip        |       |       |       |       |   528 ||   528
 Invoke: Ancestor Life: He |       |     1 |       |       |       ||     1
         Recall Ancestor   |       |       |       |     4 |     5 ||     9
         Idealise          |       |       |       |       |     8 ||     8
  Evoke: Wand              |       |       |       |     1 |       ||     1
    Use: Scroll            |       |       |     6 |    13 |    11 ||    30
         Potion            |       |       |       |     1 |    14 ||    15
   Stab: Distracted        |       |     1 |     5 |    10 |    26 ||    42
         Confused          |       |       |     4 |    10 |    22 ||    36
         Sleeping          |       |       |     2 |     1 |       ||     3
         Paralysed         |       |       |       |       |    16 ||    16
 Armour: Ring mail         |    38 |    44 |    82 |       |       ||   164
         Leather armour    |       |       |     5 |    58 |       ||    63
         Chain mail        |       |       |       |   139 |   641 ||   780
  Dodge: Dodged            |    41 |    32 |    67 |   167 |   265 ||   572
  Block: Kite shield       |    10 |    31 |    90 |   228 |   595 ||   954
